 Dungeon Crawl Stone Soup version 0.23.1 (webtiles) character file.

Game seed: 5923064020893483982

82 PentaManta the Vandal (level 4, 0/27 HPs)
             Began as a Halfling Arcane Marksman on Mar 12, 2019.
             Slain by an orc wizard
             ... wielding a +0 dagger
              (1 damage)
             ... on level 3 of the Dungeon.
             The game lasted 00:04:06 (1617 turns).

PentaManta the Vandal (Halfling Arcane Marksman)    Turns: 1617, Time: 00:04:07

Health: 0/27       AC:  4    Str: 12    XL:     4   Next: 70%
Magic:  5/5        EV: 14    Int: 11    God:
Gold:   148        SH:  4    Dex: 14    Spells: 4/5 levels left

rFire    . . .     SeeInvis .   a - +0 hunting sling
rCold    . . .     Gourm    .   s - +0 buckler
rNeg     . . .     Faith    .   e - +0 robe
rPois    .         Spirit   .   (no helmet)
rElec    .         Reflect  .   (no cloak)
rCorr    .         Harm     .   t - +0 pair of gloves
MR       .....                  j - +0 pair of boots
Stlth    +.........             r - amulet of rage
HPRegen  0.09/turn              (no ring)
MPRegen  0.09/turn              (no ring)

@: slowed, very slow
A: small, mutation resistance 1
a: Evoke Berserk Rage


You were on level 3 of the Dungeon.
You were near starving.

You visited 1 branch of the dungeon, and saw 3 of its levels.

You collected 148 gold pieces.

Inventory:

Hand Weapons
 a - a +0 hunting sling (weapon)
 l - a +2 dagger of electrocution
Missiles
 d - 36 sling bullets
 k - 84 stones (quivered)
Armour
 e - a +0 robe (worn)
 j - a +0 pair of boots (worn)
 s - a +0 buckler (worn)
 t - a +0 pair of gloves (worn)
Jewellery
 c - a cursed ring of attention {unknown}
 r - an amulet of rage (around neck)
Scrolls
 i - a scroll of random uselessness {unknown}
 n - 2 scrolls of magic mapping {unknown}
 o - 2 scrolls of enchant weapon {unknown}
 p - 3 scrolls of identify {unknown}
 q - a scroll of fear {unknown}
 u - a scroll of teleportation {unknown}
 v - a scroll of amnesia {unknown}
Potions
 b - 2 potions of haste {unknown}
 g - a potion of heal wounds {unknown}
 h - a potion of brilliance {unknown}
 m - a potion of cancellation {unknown}
 w - a potion of degeneration {unknown}
Comestibles
 f - 3 rations


   Skills:
 - Level 0.8 Fighting
 + Level 4.4(5.4) Slings
 * Level 3.1(3.7) Throwing
 - Level 2.1 Dodging
 - Level 1.0 Spellcasting
 - Level 2.4 Hexes


You had 4 spell levels left.
You knew the following spells:

 Your Spells              Type           Power        Failure   Level  Hunger
a - Corona                Hex            #......      21%         1    ##.....

Your spell library contained the following spells:

 Spells                   Type           Power        Failure   Level  Hunger
 Slow                     Hex            #.......     30%         2    ###....
 Inner Flame              Hex/Fire       #.......     69%         3    ####...
 Portal Projectile        Hex/Tloc       #.....       69%         3    ####...
 Cause Fear               Hex            #.........   90%         4    #####..
 Leda's Liquefaction      Hex/Erth       #.........   97%         4    #####..


Dungeon Overview and Level Annotations

Branches:
Dungeon (3/15)

Altars:
Dithmenos


Innate Abilities, Weirdness & Mutations

You are small and have problems with some larger weapons.
You are somewhat resistant to further mutation.


Message History

The orc is almost dead.
The kobold completely misses you. The orc hits you with a +0 hand axe!
The kobold barely misses you. x2
The orc wizard casts a spell at you. The magic dart hits you.
Firing (i - inventory. (/) - cycle)
k - 85 stones (quivered)
Press: ? - help, Shift-Dir - straight line, f/p - orc wizard
Aim: an orc wizard, wielding a +0 dagger and wearing a +0 robe (heavily wounded)
You shoot a stone. The stone barely misses the orc wizard.
The kobold barely misses you. The orc barely misses you.
The kobold closely misses you. The orc wizard barely misses you.
You block the kobold's attack. The orc hits you with a +0 hand axe.
* * * LOW HITPOINT WARNING * * *
You block the kobold's attack.
The orc wizard hits you with a +0 dagger.
* * * LOW HITPOINT WARNING * * *
The orc closely misses you. The kobold hits you.
* * * LOW HITPOINT WARNING * * *
The orc wizard hits you with a +0 dagger.
You die...

#.#.#.#.#.#.##.#.###.#.#..
.#.#.#.#)#.###.......#.#..
#.#.#.#.#.#.##............
#(#.#.#.#.###.......#....
#.#.#.#.#.##...#.#.#....
#.#.#.#.#.###.[..........
#.#.#.#.#.#.##.##.........
#.#.#.#.#.#.#..............
#.#.#.#.#.#@#..#.#######....
##########o.Ko.# # ....(.
#(...oK#o....# .#.##.
#.#.##o#...... #.##. #. (..
..... #.... # #(.##...##
####. ...# ..# #. ....# ..#
#. .#..# #.


You could see an orc wizard, 4 orcs and 2 kobolds.

Vanquished Creatures
  A gnoll (D:1)
  3 adders (D:2)
  2 oozes
  2 ball pythons
  3 giant cockroaches
  5 goblins
  6 hobgoblins
  4 kobolds
  5 bats
  4 frilled lizards
  3 rats
38 creatures vanquished.

Notes
Turn   | Place    | Note
-------+----------+-------------------------------------------
     0 | D:1      | PentaManta the Halfling Arcane Marksman began the quest for
                  | the Orb.
     0 | D:1      | Reached XP level 1. HP: 12/12 MP: 2/2
   166 | D:1      | Reached skill level 1 in Throwing
   188 | D:1      | Reached XP level 2. HP: 18/18 MP: 3/3
   394 | D:1      | Reached XP level 3. HP: 22/22 MP: 4/4
   690 | D:2      | Reached skill level 4 in Slings
   913 | D:2      | Reached XP level 4. HP: 27/27 MP: 5/5
  1437 | D:3      | Found a shadowy altar of Dithmenos.
  1616 | D:3      | HP: 1/27 [kobold (3)]
  1617 | D:3      | Slain by an orc wizard

Skill      XL: |  1  2  3  4 |
---------------+-------------+-----
Throwing       | 1 2 3 |  3.1
Slings         | 4 |  4.4
Fighting       | |  0.8
Dodging        | |  2.1
Spellcasting   | |  1.0
Hexes          | |  2.4

Action                   |  1- 3 |  4- 6 || total
-------------------------+-------+-------++-------
 Fire: Hunting sling     |    72 |    51 ||   123
  Use: Scroll            |       |     1 ||     1
Armor: Robe              |       |     2 ||     2
Dodge: Dodged            |     6 |    17 ||    23
Block: Buckler           |       |     7 ||     7
